 Dungeon Crawl Stone Soup version 0.29-a0-857-g9b1aa3ac5b (webtiles) character file.

Game seed: 5838853578297221769

82810 mcwallace the Markskobold (level 16, -1/104 HPs)
             Began as a Kobold Hunter on July 16, 2022.
             Was the Champion of Okawaru.
             Slain by an entropy weaver (7 damage)
             ... on level 1 of the Spider Nest.
             The game lasted 01:29:46 (32047 turns).

mcwallace the Markskobold (Kobold Hunter)          Turns: 32047, Time: 01:29:47

Health: -1/104     AC:  1    Str: 12    XL:     16   Next: 22%
Magic:  33/33      EV: 35    Int: 18    God:    Okawaru [******]
Gold:   2037       SH:  0    Dex: 25    Spells: 22/25 levels left

rFire   + + +      SeeInvis +   U - +7 arbalest "Eggolut" {penet, MP+9, crossbow}
rCold   + + .      Faith    .   (shield currently unavailable)
rNeg    + + .      Spirit   .   f - +1 robe of Riacky {+Blink rC+ Stlth+}
rPois   +          Reflect  .   T - +2 helmet {SInv}
rElec   +          Harm     .   J - +3 cloak of Mica {rF+}
rCorr   .          Rampage  .   (no gloves)
Will    +....                   G - +1 pair of boots of Henotheism {Contam +Inv rF+ rN+}
Stlth   +++++++...              Y - amulet "Ofixt" {RegenMP rC+ Str+3}
HPRegen 0.27/turn               z - ring of Veasau {rElec rPois rN+ Dex+6}
MPRegen 0.63/turn               M - ring "Loniewk" {rElec rF+++ Int+6 Dex-5}

@: heroic, corroded
A: small, no large weapons, nightstalker 3
a: Renounce Religion, Evoke Blink, Evoke Invisibility, Heroism, Finesse, Duel


You were on level 1 of the Spider Nest.
You worshipped Okawaru.
Okawaru was exalted by your worship.
You visited 5 branches of the dungeon, and saw 21 of its levels.
You also visited: Sewer and Volcano.

You collected 3047 gold pieces.
You spent 1010 gold pieces at shops.


Innate Abilities, Weirdness & Mutations

You are small and have problems with some larger weapons.
You are completely attuned to the shadows.


   Skills:
 + Level 13.6(18.6) Fighting
 + Level 16.6(21.6) Ranged Weapons
 + Level 14.8(19.8) Dodging
 - Level 4.2(9.2) Stealth
 - Level 5.0 Spellcasting
 + Level 4.5 Conjurations
 + Level 11.7 Ice Magic
 - Level 11.6 Invocations
 + Level 6.0 Evocations


You had 22 spell levels left.
You knew the following spells:

 Your Spells              Type           Power      Damage    Failure   Level
a - Frozen Ramparts       Ice            92%        1d11      1%          3

Your spell library contained the following spells:

 Spells                   Type           Power      Damage    Failure   Level
 Ice Form                 Ice/Tmut       25%        N/A       12%         4
 Sandblast                Erth           8%         2d5       13%         1
 Stone Arrow              Conj/Erth      24%        3d8       16%         3
 Passwall                 Tmut/Erth      3%         N/A       21%         2
 Freezing Cloud           Conj/Ice/Air   11%        6-21      38%         5
 Iskenderun's Battlesphe  Conj           20%        2d7       50%         5
 Corpse Rot               Necr/Pois/Air  4%         N/A       78%         4
 Dispel Undead            Necr           4%         3d7       78%         4
 Fireball                 Conj/Fire      6%         3d5       82%         5
 Conjure Ball Lightning   Conj/Air       6%         3x3d6     100%        6
 Orb of Destruction       Conj           10%        9d6       100%        7
 Polar Vortex             Ice            23%        N/A       100%        9
 Summon Ice Beast         Ice/Summ       Unusable   N/A       N/A         4
 Animate Dead             Necr           Unusable   N/A       N/A         4
 Simulacrum               Ice/Necr       Unusable   N/A       N/A         6
 Death Channel            Necr           Unusable   N/A       N/A         6
 Haunt                    Necr/Summ      Unusable   N/A       N/A         7
 Infestation              Necr           Unusable   N/A       N/A         8

Inventory:

Hand Weapons
 a - the +6 triple crossbow of Qavuni {elec, rPois Str-5 Stlth+, crossbow}
   (Okawaru gifted it to you on level 5 of the Lair of Beasts)

   Any ammunition fired from it occasionally discharges a powerful burst of
   electricity upon striking a foe.
   Str:       It affects your strength (-5).
   rPois:     It protects you from poison.
   Stlth:     It makes you more stealthy.
 B - a +2 triple crossbow of freezing {crossbow}
   (Okawaru gifted it to you on level 6 of the Lair of Beasts)
 O - the +4 hand axe of Ytacemn {protect, rPois, axe}
   (You found it on level 1 of the Lair of Beasts)

   It grants its wielder temporary protection when it strikes (+7 to AC).
   rPois:     It protects you from poison.
 U - the +7 arbalest "Eggolut" (weapon) {penet, MP+9, crossbow}
   (Okawaru gifted it to you on level 2 of the Lair of Beasts)

   Any ammunition fired by it passes through the targets it hits, potentially
   hitting all targets in its path until it reaches maximum range.
   MP:        It affects your magic capacity (+9).
Missiles
 g - 189 stones {throwing}
 o - 70 poisoned darts {throwing}
 y - 13 throwing nets {=f!fthrowing}
 V - 26 boomerangs {throwing}
Armour
 d - a +2 helmet
   (You found it on level 1 of the Dungeon)
 f - the +1 robe of Riacky (worn) {+Blink rC+ Stlth+}
   (You found it on level 6 of the Dungeon)

   rC:        It protects you from cold.
   +Blink:    It lets you blink.
   Stlth:     It makes you more stealthy.
 G - the +1 pair of boots of Henotheism (worn) {Contam +Inv rF+ rN+}
   (You bought it in a shop on level 2 of the Orcish Mines)

   rF:        It protects you from fire.
   rN:        It protects you from negative energy.
   +Inv:      It lets you turn invisible.
   Contam:    It causes magical contamination when unequipped.
 I - the +0 cloak of Ennui {-Cast rElec rPois rCorr}
   (Okawaru gifted it to you in a volcano)

   rElec:     It insulates you from electricity.
   rPois:     It protects you from poison.
   -Cast:     It prevents spellcasting.
   rCorr:     It protects you from acid and corrosion.
 J - the +3 cloak of Mica (worn) {rF+}
   (You bought it in a shop on level 2 of the Orcish Mines)

   rF:        It protects you from fire.
 T - a +2 helmet of see invisible (worn)
   (You found it in a volcano)
Magical Staves
 C - a staff of conjuration {!a@e2staff}
   (You found it on level 3 of the Dungeon)
Jewellery
 z - the ring of Veasau (left hand) {rElec rPois rN+ Dex+6}
   (You found it on level 10 of the Dungeon)

   [ring of dexterity]

   Dex:       It affects your dexterity (+6).
   rElec:     It insulates you from electricity.
   rPois:     It protects you from poison.
   rN:        It protects you from negative energy.
 A - a ring of magical power
   (You found it on level 3 of the Dungeon)
 E - a +4 ring of evasion
   (You found it on level 8 of the Dungeon)
 M - the ring "Loniewk" (right hand) {rElec rF+++ Int+6 Dex-5}
   (You found it on level 5 of the Dungeon)

   [ring of intelligence]

   Int:       It affects your intelligence (+6).
   Dex:       It affects your dexterity (-5).
   rF:        It renders you almost immune to fire.
   rElec:     It insulates you from electricity.
 Y - the amulet "Ofixt" (around neck) {RegenMP rC+ Str+3}
   (You found it on level 5 of the Dungeon)

   [amulet of magic regeneration]

   It increases your rate of magic regeneration.
   Str:       It affects your strength (+3).
   rC:        It protects you from cold.
Wands
 j - a wand of polymorph (5)
   (You found it on level 5 of the Lair of Beasts)
 l - a wand of roots (8)
   (You found it on level 6 of the Lair of Beasts)
 m - a wand of flame (20)
   (You found it on level 1 of the Lair of Beasts)
 s - a wand of mindburst (12)
   (You found it on level 3 of the Lair of Beasts)
Scrolls
 b - 2 scrolls of immolation {!r!r}
 c - 3 scrolls of amnesia
 p - 3 scrolls of magic mapping {!r}
 t - 4 scrolls of vulnerability {!r!r}
 u - a scroll of torment {unknown}
 v - 3 scrolls of teleportation {@r4}
 w - a scroll of summoning {unknown}
 x - 5 scrolls of fog
 F - a scroll of enchant weapon
 L - 2 scrolls of silence {!r}
 Q - a scroll of brand weapon
 W - a scroll of blinking {unknown}
Potions
 e - 7 potions of haste {@q3}
 i - 4 potions of magic
 k - a potion of brilliance
 n - 2 potions of flight
 q - 2 potions of ambrosia
 r - 4 potions of attraction {!q}
 D - a potion of resistance
 H - a potion of curing {@q1}
 K - a potion of cancellation
 N - 6 potions of mutation {!q}
 P - 4 potions of lignification {!q}
 R - 4 potions of heal wounds {@q2}
 S - 2 potions of invisibility {unknown}
 X - 2 potions of berserk rage {unknown}
 Z - 2 potions of might
Miscellaneous
 h - a phial of floods (inert)
   (You found it on level 11 of the Dungeon)

Dungeon Overview and Level Annotations

Branches:
Dungeon (11/15) Zot: 24562  Temple (1/1) D:7 Zot: 5970    Lair (6/6) D:11 Zot: 24524
 Shoals (0/4) Lair:2       Spider (1/4) Lair:2 Zot: 4987   Slime (0/5) Lair:6
    Orc (2/2) D:9 Zot: 9863     Elf (0/3) Orc:2         Sewer (visited)
Volcano (visited)

Altars:
Ashenzari
Cheibriados
Dithmenos
Elyvilon
Fedhas
Hepliaklqana
Kikubaaqudgha
Makhleb
Nemelex Xobeh
Okawaru
Qazlal
Sif Muna
Trog
Uskayaw
Vehumet
Wu Jian
Xom
Yredelemnul
The Shining One
Jiyva

Shops:
D:7 *   D:9 *   Orc:1 *   Orc:2 ![:[

Annotations:
D:11 Fannar

##..#..###....#.#....>
##.....## ##...####....
^.#..#..## ##..........
..†##.....## ##...####....
#...##.^#..###....#.......
#....##.....#^...##..#....
##.#...####.....###.†.#....
#.....^...#######...###.○..
#....###..@Bss........##..†
####...######.s°.........##
#^......).......°○#.....
###......#......B^....^#.
##........[.......##....##
#..................#.B...#
######†..#....#....#.....###
##...#.....^..#....#.#..?...
#..).^.......^#..#..........


You could see an entropy weaver, a tarantella and 2 redbacks.


Message History

The redback attacks as you move away! The redback closely misses you.
You feel sick. 😱 HP[-1]
You take 1 damage, and now have 26/104 hp.
The redback attacks as you move away! The redback completely misses you.
You feel sick. The redback completely misses you.
The boulder beetle stops rolling and uncurls. 😱 HP[-1]
You take 1 damage, and now have 25/104 hp.
You gain the combat prowess of a mighty hero.
You feel sick.
The redback completely misses you. 😱 HP[-1] MP[-1]
You take 1 damage, and now have 24/104 hp.
You lost 1 mp, and now have 32/33 mp.
Fire: U) +7 arbalest "Eggolut" {penet, MP+9, crossbow}
Press: ? - help, Q - select action, (/) - cycle Shift-Dir - straight line, f - entropy weaver, p - redback
Aim: an entropy weaver (73% to hit)
You shoot a bolt. The bolt pierces through the redback!!
You kill the redback!
Okawaru accepts your kill.
The bolt pierces through the redback!
The bolt barely misses the entropy weaver.
You feel sick.
The entropy weaver casts a spell at you.
The entropic weave corrodes you!
A redback comes into view.
The redback completely misses you.
Fire: U) +7 arbalest "Eggolut" {penet, MP+9, crossbow}
Press: ? - help, Q - select action, (/) - cycle Shift-Dir - straight line, f - redback, p - entropy weaver
Aim: a redback (75% to hit)
You shoot a bolt. The bolt pierces through the redback!!
You kill the redback!
Okawaru accepts your kill.
The bolt misses the entropy weaver.
The bolt barely misses the boulder beetle.
The bolt pierces through the redback!!
You feel sick.
A redback comes into view.
The boulder beetle curls into a ball and begins rolling! 😱 HP[-1] MP[+1]
You take 1 damage, and now have 23/104 hp.
Your mp is fully restored (33).
Fire: U) +7 arbalest "Eggolut" {penet, MP+9, crossbow}
Press: ? - help, Q - select action, (/) - cycle Shift-Dir - straight line, f - tarantella, p - redback
Aim: a tarantella (71% to hit)
You shoot a bolt.
The bolt pierces through the entropy weaver!
The bolt pierces through the boulder beetle!!
The bolt pierces through the tarantella!
You feel sick.
You are no longer poisoned.
The entropy weaver completely misses you. x2
The entropy weaver hits you.
* * * LOW HITPOINT WARNING * * *
The entropy weaver completely misses you.
The boulder beetle stops rolling and uncurls. 😱 HP[-6]
You take 6 damage, and now have 17/104 hp.
Fire: U) +7 arbalest "Eggolut" {penet, MP+9, crossbow}
Press: ? - help, Q - select action, (/) - cycle Shift-Dir - straight line, f - boulder beetle, p - tarantella
Aim: a boulder beetle (almost dead, 93% to hit)
You shoot a bolt.
The bolt closely misses the entropy weaver.
The bolt misses the redback.
The bolt pierces through the boulder beetle!
You kill the boulder beetle!
Okawaru accepts your kill. Okawaru grants you armour!
Something appears at your feet!
You see here the +0 hat of the Serpent {rElec Will+}.
The bolt barely misses the redback.
The entropy weaver hits you!
* * * LOW HITPOINT WARNING * * *
The entropy weaver completely misses you.
The entropy weaver hits you.
* * * LOW HITPOINT WARNING * * *
The entropy weaver misses you.
A redback comes into view.
Your Evocations skill increases to level 6! 😱 HP[-15]
You take 15 damage, and now have 2/104 hp.
You feel much better.
A redback comes into view.
The entropy weaver hits you.
* * * LOW HITPOINT WARNING * * *
The entropy weaver hits you but does no damage.
The entropy weaver hits you!
* * * LOW HITPOINT WARNING * * *
The entropy weaver barely misses you. 😱 HP[+8]
You regained 8 hp, and now have 10/104 hp.
You feel much better.
The entropy weaver completely misses you. x2
The entropy weaver barely misses you. The entropy weaver hits you!
* * * LOW HITPOINT WARNING * * *
The entropy weaver hits you!
* * * LOW HITPOINT WARNING * * *
The entropy weaver completely misses you.
The entropy weaver hits you!
You die...

Skill      XL: |  1  2  3  4  5  6  7  8  9 10 11 12 13 14 15 16 |
---------------+-------------------------------------------------+-----
Stealth        | 2 3 4 |  4.2
Spellcasting   | 1 2 3 4 5 |  5.0
Dodging        | 3 4 5 6 7 8 10 11 12 13 14 | 14.8
Fighting       | 3 4 5 6 7 9 10 11 12 13 | 13.6
Ranged Weapons | 6 7 8 9 10 11 13 14 15 16 | 16.6
Ice Magic      | 2 4 5 6 8 9 10 11 | 11.7
Evocations     | 3 5 6 |  6.0
Invocations    | 1 4 6 7 9 10 11 | 11.6
Conjurations   | 4 |  4.5

Action                   |  1- 3 |  4- 6 |  7- 9 | 10-12 | 13-15 | 16-18 || total
-------------------------+-------+-------+-------+-------+-------+-------++-------
Melee: Shortbow          |       |       |     2 |     4 |       |       ||     6
 Fire: Shortbow          |    63 |   185 |   375 |   601 |       |       ||  1224
       Arbalest          |       |       |       |   172 |   793 |    65 ||  1030
       Triple crossbow   |       |       |       |       |    47 |       ||    47
 Cast: Frozen Ramparts   |       |       |       |       |    30 |     3 ||    33
Invok: Heroism           |       |       |       |     6 |    12 |     1 ||    19
       Finesse           |       |       |       |     1 |     3 |       ||     4
Evoke: Wand              |       |     2 |     2 |    20 |     1 |       ||    25
       Phial of floods   |       |       |       |     1 |     1 |       ||     2
  Use: Potion            |       |     3 |     1 |     5 |     3 |     2 ||    14
       Scroll            |       |     1 |    11 |     7 |     8 |       ||    27
Armor: Leather armour    |     7 |    27 |       |       |       |       ||    34
       Swamp dragon scal |       |    22 |   108 |       |       |       ||   130
       Robe              |       |       |     9 |    88 |    48 |    10 ||   155
Dodge: Dodged            |    20 |   133 |   278 |   660 |   617 |    97 ||  1805

Levels and vault maps discovered:
D:1:      grunt_arrival_crossed_arrows, layout_basic, skrybe_limestone_x
D:2:      kennysheep_six_static_rooms, layout_basic,
          chequers_ecumenical_altar_grove
D:3:      layout_rooms, overflow_temple_1_default, marbit_many_paths,
          chequers_serial_rivers_micro_b, minmay_fractal_squares_gapless_5,
          uniq_terence, uniq_ijyb
D:4:      layout_basic, minmay_quadrilaterals
D:5:      layout_cave_pools, gup_sewer_entry_bowl
D:6:      layout_cave_pods
D:7:      layout_loops_ring, mainiacjoe_overflow_chevrons, temple_doors_ab,
          nicolae_specific_store
D:8:      cheibrodos_helix_gallery, layout_basic
D:9:      minmay_evil_eye, layout_cave_pools, overflow_temple_1_default,
          kennysheep_mini_moat, nicolae_yredelemnul_corpse_copse, erik_orc_1,
          serial_gnoll_camp, gnoll_camp_mini_hut, gnoll_camp_mini_doghouse,
          gnoll_camp_mini_sergeant, gnoll_camp_medium_02,
          gnoll_camp_mini_doghouse, gnoll_camp_mini_shop, jiyva_altar_1,
          uniq_prince_ribbit1, uniq_psyche, uniq_pikel, uniq_harold
D:10:     layout_basic, lemuel_coloured_pillars_altar, minmay_checkerbox
D:11:     layout_grid_maze, minmay_lair_entry_grove, statue_in_the_mist_lemuel,
          uniq_josephine, uniq_fannar, uniq_grum
Temple:   nicolae_temple_no_exploring_needed
Lair:1:   layout_layer_cave, grunt_megastairs_4
Lair:2:   layout_chaotic_city, elwin_shoals_entry_rooms,
          hellmonk_spider_entry_not_the_bees, minivault_24, uniq_gastronok
Lair:3:   dreamdust_isle_of_ice, layout_loops_ring, basic_altar,
          infiniplex_staircase_pool_2, grunt_megastairs_3
Lair:4:   layout_misc_corridors, grunt_megastairs_1, uniq_sonja
Lair:5:   layout_cave_pods, lemuel_fruit_fields, uniq_urug
Lair:6:   guppyfry_lair_end_dragon, layout_gridlike,
          nicolae_slime_entry_slimehenge, serial_bayou_shore_a, uniq_rupert
Spider:1: layout_spider_delve, hellmonk_spider_spawner
Orc:1:    layout_caves, serial_shops, shop_statue, uniq_erolcha
Orc:2:    st_orc_rangers, layout_caves, basic_altar,
          nicolae_volcano_entry_lava_flow, uniq_azrael

Notes
Turn   | Place    | Note
-------+----------+-------------------------------------------
     0 | D:1      | mcwallace the Kobold Hunter began the quest for the Orb.
     0 | D:1      | Reached XP level 1. HP: 12/12 MP: 1/1
     0 | D:1      | magus.rc [v1.9.6]
   260 | D:1      | Reached XP level 2. HP: 18/18 MP: 2/2
   329 | D:1      | Reached skill level 2 in Stealth
   869 | D:2      | Reached XP level 3. HP: 22/22 MP: 4/4
   907 | D:2      | Reached skill level 1 in Spellcasting
   991 | D:2      | Reached skill level 3 in Dodging
   991 | D:2      | Reached XP level 4. HP: 20/27 MP: 5/5
   994 | D:2      | HP: 6/27 [gnoll/+0 whip (6)]
   999 | D:3      | HP: 3/27 [gnoll/+0 whip (2)]
  1259 | D:3      | You pick up a book of Ice and begin reading...
  1259 | D:3      | You add the spells Freezing Cloud, Simulacrum and Polar
                  | Vortex to your library.
  1655 | D:2      | Reached skill level 3 in Fighting
  1655 | D:2      | Reached skill level 3 in Stealth
  1757 | D:2      | Reached XP level 5. HP: 32/32 MP: 7/7
  1779 | D:2      | You pick up a book of Geomancy and begin reading...
  1779 | D:2      | You add the spells Sandblast, Passwall and Stone Arrow to
                  | your library.
  1922 | D:2      | Reached skill level 6 in Ranged Weapons
  2196 | D:2      | Found a faded altar of an unknown god.
  2320 | D:3      | Found a sparkling altar of Nemelex Xobeh.
  2373 | D:3      | Noticed Terence
  2375 | D:3      | Noticed Ijyb
  2392 | D:3      | HP: 7/32 [Terence/+0 short sword (4)]
  2400 | D:2      | HP: 7/32 [Terence/+0 short sword (3)]
  2409 | D:2      | Killed Terence
  2793 | D:3      | You pick up a book of Rime and begin reading...
  2793 | D:3      | You add the spells Frozen Ramparts, Ice Form and Summon Ice
                  | Beast to your library.
  2855 | D:3      | HP: 5/32 [frozen (5)]
  2901 | D:2      | Reached skill level 2 in Spellcasting
  3261 | D:3      | Reached XP level 6. HP: 18/37 MP: 9/9
  3424 | D:3      | Killed Ijyb
  3793 | D:3      | Found a burning altar of Makhleb.
  3977 | D:4      | Noticed an ogre
  3981 | D:4      | Killed an ogre
  3982 | D:4      | Reached skill level 4 in Dodging
  3982 | D:4      | Reached skill level 4 in Stealth
  4200 | D:4      | Reached XP level 7. HP: 31/42 MP: 11/11
  4373 | D:4      | Reached skill level 4 in Fighting
  4655 | D:4      | Reached skill level 3 in Spellcasting
  4839 | D:5      | Entered Level 5 of the Dungeon
  4885 | D:5      | Reached skill level 7 in Ranged Weapons
  5150 | D:5      | Reached skill level 5 in Dodging
  5156 | D:5      | HP: 11/44 [white imp (3)]
  5227 | D:5      | Identified the ring "Loniewk" {rElec rF+++ Int+6 Dex-5}
  5227 | D:5      | You fall into a shaft and drop 1 floor!
  5314 | D:6      | Noticed a water moccasin
  5357 | D:5      | Found a glowing drain.
  5361 | Sewer    | Entered a sewer
  5450 | Sewer    | Noticed a water moccasin
  5459 | Sewer    | Killed a water moccasin
  5460 | Sewer    | Reached XP level 8. HP: 43/48 MP: 13/13
  5660 | D:5      | Identified the amulet "Ofixt" {RegenMP rC+ Str+3}
  5670 | D:5      | You pick up a book of the Spheres and begin reading...
  5670 | D:5      | You add the spells Iskenderun's Battlesphere, Fireball,
                  | Conjure Ball Lightning and Orb of Destruction to your
                  | library.
  5787 | D:5      | Identified a scroll of acquirement
  5788 | D:5      | Acquired 577 gold pieces
  5961 | D:5      | Reached skill level 5 in Fighting
  5961 | D:5      | Reached skill level 4 in Spellcasting
  5972 | D:5      | Reached skill level 1 in Ice Magic
  6275 | D:5      | Reached skill level 8 in Ranged Weapons
  6356 | D:6      | Reached skill level 6 in Dodging
  6356 | D:6      | Reached skill level 2 in Ice Magic
  6422 | D:6      | Reached XP level 9. HP: 39/55 MP: 14/16
  6995 | D:6      | Identified the +1 robe of Riacky {+Blink rC+ Stlth+}
  7092 | D:6      | Reached skill level 6 in Fighting
  7092 | D:6      | Reached skill level 1 in Evocations
  7295 | D:7      | Reached skill level 5 in Spellcasting
  7479 | D:7      | Found a staircase to the Ecumenical Temple.
  7487 | Temple   | Entered the Ecumenical Temple
  7509 | Temple   | Became a worshipper of Warmaster Okawaru
  7564 | D:7      | Reached skill level 3 in Ice Magic
  7727 | D:7      | Reached skill level 2 in Evocations
  7764 | D:7      | Found a stormy altar of Qazlal.
  7834 | D:7      | Found Yxuodeh's General Store.
  7835 | D:7      | Found Muupat's Specific Store.
  7839 | D:7      | Bought a scroll of identify for 20 gold pieces
  7844 | D:7      | Bought a potion of mutation for 96 gold pieces
  7844 | D:7      | Bought a potion of might for 48 gold pieces
  8139 | D:7      | Reached skill level 9 in Ranged Weapons
  8149 | D:7      | Reached skill level 7 in Dodging
  8677 | D:8      | Noticed a hornet
  8682 | D:8      | Paralysed by a hornet for 1 turns
  8689 | D:8      | Killed a hornet
  8689 | D:8      | Reached * piety under Okawaru
  8690 | D:8      | Reached skill level 3 in Evocations
  8694 | D:8      | Learned a level 3 spell: Frozen Ramparts
  9138 | D:8      | Reached skill level 1 in Invocations
  9253 | D:8      | Reached skill level 4 in Ice Magic
  9253 | D:8      | Reached XP level 10. HP: 53/61 MP: 17/17
  9333 | D:8      | Reached skill level 7 in Fighting
  9333 | D:8      | Reached skill level 2 in Invocations
  9333 | D:8      | Reached skill level 4 in Evocations
 10033 | D:9      | Noticed a kobold demonologist
 10034 | D:9      | Noticed a soul eater
 10036 | D:9      | Killed a kobold demonologist
 10036 | D:9      | Reached ** piety under Okawaru
 10037 | D:9      | Reached skill level 10 in Ranged Weapons
 10037 | D:9      | Reached skill level 8 in Dodging
 10037 | D:9      | Reached skill level 3 in Invocations
 10037 | D:9      | Noticed Prince Ribbit
 10050 | D:9      | Killed Prince Ribbit
 10359 | D:8      | HP: 12/63 [yak (7)]
 10364 | D:8      | Reached skill level 5 in Ice Magic
 10364 | D:8      | Reached skill level 5 in Evocations
 10900 | D:9      | Found a bloodstained altar of Trog.
 11303 | D:9      | Identified the +1 pair of boots of Xuzuxeah {rF+ Str+4
                  | Stlth+}
 11534 | D:9      | Reached *** piety under Okawaru
 11596 | D:9      | Reached skill level 4 in Invocations
 11610 | D:9      | HP: 16/64 [poisoned by a gnoll sergeant]
 11615 | D:9      | HP: 9/64 [poisoned by a gnoll sergeant]
 11945 | D:9      | Reached XP level 11. HP: 53/68 MP: 18/18
 12044 | D:9      | Found a viscous altar of Jiyva.
 12076 | D:9      | Reached skill level 8 in Fighting
 12137 | D:9      | Noticed Psyche
 12231 | D:8      | Killed Psyche
 12463 | D:9      | Reached skill level 9 in Dodging
 12505 | D:9      | Reached **** piety under Okawaru
 12506 | D:9      | Reached skill level 11 in Ranged Weapons
 12527 | D:9      | Reached skill level 6 in Ice Magic
 12527 | D:9      | Reached skill level 5 in Invocations
 12693 | D:9      | Found a basalt altar of Yredelemnul.
 12948 | D:9      | Found a staircase to the Orcish Mines.
 13241 | D:9      | Noticed Harold
 13255 | D:9      | Killed Harold
 13280 | D:9      | Noticed Pikel
 13286 | D:9      | Killed Pikel
 13520 | D:9      | Found Noun's Assorted Antiques.
 13524 | D:9      | Bought a scroll of identify for 56 gold pieces
 13550 | D:9      | Found a white marble altar of Elyvilon.
 13648 | D:10     | Entered Level 10 of the Dungeon
 13832 | D:10     | Noticed a two-headed ogre
 13838 | D:10     | Killed a two-headed ogre
 13838 | D:10     | Reached ***** piety under Okawaru
 13959 | D:10     | Reached skill level 9 in Fighting
 14054 | D:10     | Noticed a two-headed ogre
 14060 | D:10     | Killed a two-headed ogre
 14070 | D:10     | Reached skill level 6 in Invocations
 14073 | D:10     | Noticed a deep elf pyromancer
 14118 | D:10     | HP: 8/71 [yaktaur/bolt (18)]
 14708 | D:10     | Identified the ring of Veasau {rElec rPois rN+ Dex+6}
 14795 | D:10     | Killed a deep elf pyromancer
 14796 | D:10     | Reached skill level 10 in Dodging
 14796 | D:10     | Reached XP level 12. HP: 76/76 MP: 13/19
 14873 | D:10     | HP: 19/76 [yak (1)]
 14879 | D:10     | Reached skill level 7 in Ice Magic
 14889 | D:10     | Reached skill level 12 in Ranged Weapons
 15520 | D:10     | Found a shimmering blue altar of Sif Muna.
 15713 | D:11     | Noticed a two-headed ogre
 15717 | D:11     | Killed a two-headed ogre
 16283 | D:11     | Noticed Fannar
 16364 | D:11     | Noticed a five-headed hydra
 16611 | D:11     | Reached skill level 7 in Invocations
 16611 | D:11     | Received a gift from Okawaru
 16638 | D:11     | Killed a five-headed hydra
 16719 | D:11     | Reached skill level 10 in Fighting
 16734 | D:11     | HP: 19/77 [something (3)]
 16743 | D:11     | HP: 17/77 [something (9)]
 16972 | D:11     | Found a staircase to the Lair.
 16978 | Lair:1   | Entered Level 1 of the Lair of Beasts
 17078 | D:11     | HP: 14/77 [yak (9)]
 17083 | D:11     | HP: 4/77 [yak (12)]
 17088 | D:11     | Reached skill level 11 in Dodging
 17580 | Lair:1   | Reached skill level 8 in Ice Magic
 17881 | Lair:1   | Reached skill level 13 in Ranged Weapons
 17891 | Lair:1   | Identified the +4 hand axe of Ytacemn {protect, rPois}
 17939 | Lair:1   | Reached XP level 13. HP: 72/83 MP: 20/20
 18118 | Lair:1   | Reached skill level 8 in Invocations
 19525 | Lair:2   | Found a hole to the Spider Nest.
 19537 | Lair:2   | Noticed a boulder beetle
 19876 | Lair:2   | Noticed Gastronok
 19883 | Lair:2   | Killed Gastronok
 19958 | Lair:2   | Reached skill level 11 in Fighting
 19965 | Lair:2   | HP: 14/84 [komodo dragon (16)]
 19969 | Lair:2   | Identified the +7 arbalest "Eggolut" {penet, MP+9} (Okawaru
                  | gifted it to you on level 2 of the Lair of Beasts)
 19969 | Lair:2   | Received a gift from Okawaru
 20383 | Lair:2   | Found a staircase to the Shoals.
 20385 | Lair:2   | Reached skill level 12 in Dodging
 20577 | Lair:2   | HP: 1/84 [boulder beetle (21)]
 20581 | Lair:2   | Killed a boulder beetle
 20582 | Lair:2   | Reached skill level 9 in Ice Magic
 21407 | Lair:3   | Reached skill level 9 in Invocations
 21410 | Lair:3   | Reached skill level 14 in Ranged Weapons
 21413 | Lair:3   | Reached ****** piety under Okawaru
 21795 | Lair:3   | Received a gift from Okawaru
 21980 | Lair:3   | Noticed a four-headed hydra
 21984 | Lair:3   | Killed a four-headed hydra
 22237 | Lair:3   | Noticed an ice dragon
 22249 | Lair:3   | Reached XP level 14. HP: 41/90 MP: 21/21
 22500 | Lair:3   | Identified the ring of Lucidity {MP+9 SInv}
 22810 | Lair:3   | Received a gift from Okawaru
 23082 | Lair:3   | Found a shimmering blue altar of Sif Muna.
 23802 | Lair:4   | Reached skill level 13 in Dodging
 23802 | Lair:4   | Reached skill level 10 in Invocations
 23805 | Lair:4   | Reached skill level 10 in Ice Magic
 23934 | Lair:4   | Reached skill level 12 in Fighting
 24043 | Lair:4   | Noticed Sonja
 24050 | Lair:4   | Killed Sonja
 24073 | Lair:4   | Reached skill level 15 in Ranged Weapons
 24314 | Lair:4   | Identified the +5 war axe of Hiaxivo {speed, rF+}
 25029 | Lair:5   | Identified the +6 triple crossbow of Qavuni {elec, rPois
                  | Str-5 Stlth+} (Okawaru gifted it to you on level 5 of the
                  | Lair of Beasts)
 25029 | Lair:5   | Received a gift from Okawaru
 25212 | Lair:5   | Noticed Urug
 25225 | Lair:5   | Killed Urug
 25599 | Lair:5   | You pick up a book of Decay and begin reading...
 25599 | Lair:5   | You add the spells Corpse Rot and Dispel Undead to your
                  | library.
 25978 | Lair:6   | Entered Level 6 of the Lair of Beasts
 26361 | Lair:6   | Found a staircase to the Slime Pits.
 26361 | Lair:6   | Found a viscous altar of Jiyva.
 26379 | Lair:6   | HP: 23/92 [death yak (17)]
 26383 | Lair:6   | HP: 9/92 [death yak (15)]
 26395 | Lair:6   | Received a gift from Okawaru
 26851 | Lair:6   | Noticed Rupert
 26861 | Lair:6   | Killed Rupert
 26862 | Lair:6   | Reached XP level 15. HP: 97/97 MP: 19/23
 27248 | Lair:6   | Reached skill level 1 in Conjurations
 27260 | Lair:6   | Reached skill level 11 in Invocations
 27519 | Lair:6   | You pick up a book of Death and begin reading...
 27651 | Lair:6   | Received a gift from Okawaru
 27652 | Lair:6   | Reached skill level 14 in Dodging
 28111 | Lair:6   | Reached skill level 2 in Conjurations
 28150 | Lair:6   | Reached skill level 11 in Ice Magic
 28442 | Orc:1    | Entered Level 1 of the Orcish Mines
 28799 | Orc:2    | Entered Level 2 of the Orcish Mines
 28816 | Orc:2    | Found a staircase to the Elven Halls.
 28899 | Orc:2    | Noticed Azrael
 28905 | Orc:2    | Killed Azrael
 28906 | Orc:2    | Reached skill level 13 in Fighting
 28934 | Orc:2    | Found a dark tunnel.
 28942 | Volcano  | Entered a volcano
 29044 | Volcano  | Reached skill level 16 in Ranged Weapons
 29046 | Volcano  | Reached skill level 3 in Conjurations
 29108 | Volcano  | Identified the +0 cloak of Ennui {-Cast rElec rPois rCorr}
                  | (Okawaru gifted it to you in a volcano)
 29108 | Volcano  | Received a gift from Okawaru
 29421 | Orc:2    | HP: 24/99 [orc wizard/+0 dagger (3)]
 29426 | Orc:1    | Noticed Erolcha
 29450 | Orc:1    | Killed Erolcha
 29861 | Orc:1    | Found Otoehys's Assorted Antiques.
 30158 | Orc:2    | Found Abein's Antique Armour Shoppe.
 30158 | Orc:2    | Found Lemn's Book Boutique.
 30158 | Orc:2    | Found Jouplumo's Armour Shop.
 30159 | Orc:2    | Found Kubbe's Distillery.
 30171 | Orc:2    | Bought a potion of heal wounds for 60 gold pieces
 30171 | Orc:2    | Bought a potion of cancellation for 96 gold pieces
 30763 | Orc:2    | Bought a pair of fine boots for 199 gold pieces
 30763 | Orc:2    | Identified the +1 pair of boots of Henotheism {Contam +Inv
                  | rF+ rN+} (You bought it in a shop on level 2 of the Orcish
                  | Mines)
 30780 | Orc:2    | Bought the +3 cloak of Mica {rF+} for 435 gold pieces
 31045 | Spider:1 | Entered Level 1 of the Spider Nest
 31175 | Spider:1 | Reached skill level 4 in Conjurations
 31175 | Spider:1 | Reached XP level 16. HP: 62/104 MP: 24/24
 32039 | Spider:1 | HP: 26/104 [poisoned by a redback]
 32044 | Spider:1 | HP: 22/104 [poisoned by a redback]
 32045 | Spider:1 | Identified the +0 hat of the Serpent {rElec Will+} (Okawaru
                  | gifted it to you on level 1 of the Spider Nest)
 32045 | Spider:1 | Received a gift from Okawaru
 32045 | Spider:1 | HP: 7/104 [entropy weaver (11)]
 32045 | Spider:1 | HP: 2/104 [entropy weaver (5)]
 32046 | Spider:1 | Reached skill level 6 in Evocations
 32047 | Spider:1 | Slain by an entropy weaver

Vanquished Creatures
  Rupert (Lair:6)
  Gastronok (Lair:2)
  A broodmother (Spider:1)
  Azrael (Orc:2)
  A fire dragon (Lair:6)
  An ice dragon (Lair:3)
  Harold (D:9)
  3 hydras
  Erolcha (Orc:1)
  3 boulder beetles
  3 two-headed ogres
  A centaur warrior (Orc:2)
  A jorogumo (Spider:1)
  A dancing weapon (Volcano)
  7 death yaks
  Urug (Lair:5)
  An orc high priest (Orc:1)
  Sonja (Lair:4)
  A pharaoh ant (Spider:1)
  A swamp dragon (Lair:6)
  5 wizards (Volcano)
  2 orc knights (Orc:2)
  Pikel (D:9)
  A deep elf pyromancer (D:10)
  4 wolf spiders (Spider:1)
  2 orc sorcerers
  2 cyclopes (D:11)
  11 elephants
  7 black mambas
  5 toenail golems (Volcano)
  8 cane toads
  A torpor snail (Spider:1)
  Psyche (D:8)
  6 rime drakes
  4 unseen horror zombies (D:9)
  A yaktaur (D:10)
  A kobold demonologist (D:9)
  A demonic crawler (Spider:1)
  13 komodo dragons
  2 ice devils (Lair:3)
  3 trolls
  A meliai (Lair:2)
  Prince Ribbit (D:9)
  5 polar bears
  10 tarantellas (Spider:1)
  3 hornets
  6 dream sheep (Lair:6)
  17 blink frogs
  A culicivora (Spider:1)
  13 jumping spiders (Spider:1)
  5 wyverns
  2 vampires
  69 yaks
  A fire elemental (Orc:2)
  5 basilisks
  6 redbacks (Spider:1)
  3 wargs
  3 acid dragons (Lair:6)
  6 hell hounds (Orc:2)
  13 water moccasins
  2 swamp drakes
  29 orc warriors
  3 ice beasts
  6 ogres
  4 black bears
  15 centaurs
  15 wolves
  3 lemures
  A phantom (D:4)
  5 gnoll sergeants (D:9)
  4 kobold brigands
  21 bullfrogs
  2 necrophages
  2 scorpions
  A cane toad simulacrum (Lair:3)
  11 killer bees
  2 electric eels
  A howler monkey (D:5)
  2 centaur zombies (D:9)
  10 hounds
  12 orc priests
  3 gnoll boudas
  9 jellies
  17 orc wizards
  Ijyb (D:3)
  Terence (D:2)
  13 iguanas
  4 killer bee zombies (D:9)
  40 gnolls
  8 adders
  A river rat (D:5)
  2 naga simulacra (Lair:3)
  4 white imps
  2 worms (D:3)
  68 orcs
  7 ball pythons
  9 endoplasms
  6 giant cockroaches
  9 goblins
  4 hobgoblins
  8 jackals
  33 kobolds
  4 quokkas
  16 bats
  2 frilled lizards (D:2)
  8 rats
713 creatures vanquished.

Vanquished Creatures (others)
  A howler monkey (D:10)
  An orc wizard (D:8)
  A kobold (D:9)
  37 fungi
  78 plants
118 creatures vanquished.

Grand Total: 831 creatures vanquished

Table legend:
 A = Non-vault XP
 B = Vault XP
 C = Vault XP percentage of total XP
 D = Non-vault monster count
 E = Vault monster count
 F = Vault count percentage of total count
                 A         B        C        D         E       F
            +---------+---------+-------+---------+---------+-------
      Total |   74688 |   43613 |  36.9 |     474 |     237 |  33.3
            +---------+---------+-------+---------+---------+-------
        D:1 |      28 |       0 |   0.0 |      17 |       0 |   0.0
        D:2 |      85 |      57 |  40.1 |      23 |       7 |  23.3
        D:3 |     105 |      48 |  31.4 |      20 |       8 |  28.6
        D:4 |     481 |      95 |  16.5 |      13 |       5 |  27.8
        D:5 |     571 |      20 |   3.4 |      19 |       4 |  17.4
        D:6 |     807 |       0 |   0.0 |      13 |       0 |   0.0
        D:7 |     745 |       0 |   0.0 |      18 |       0 |   0.0
        D:8 |    2767 |     569 |  17.1 |      37 |       4 |   9.8
        D:9 |    1060 |    5180 |  83.0 |      23 |      67 |  74.4
       D:10 |    4464 |    1112 |  19.9 |      16 |       3 |  15.8
       D:11 |    4541 |    2239 |  33.0 |      25 |      14 |  35.9
     Lair:1 |    5428 |     623 |  10.3 |      24 |       3 |  11.1
     Lair:2 |    3493 |    1822 |  34.3 |      10 |       4 |  28.6
     Lair:3 |    9203 |    6337 |  40.8 |      32 |      23 |  41.8
     Lair:4 |    8020 |     873 |   9.8 |      30 |       2 |   6.2
     Lair:5 |    2121 |     810 |  27.6 |       9 |       1 |  10.0
     Lair:6 |   13376 |    6150 |  31.5 |      42 |      22 |  34.4
   Spider:1 |   12019 |    2639 |  18.0 |      37 |       4 |   9.8
      Orc:1 |    3222 |     861 |  21.1 |      40 |       1 |   2.4
      Orc:2 |    2152 |    7765 |  78.3 |      26 |      47 |  64.4
      Sewer |       0 |     155 | 100.0 |       0 |       7 | 100.0
    Volcano |       0 |    6258 | 100.0 |       0 |      11 | 100.0
            +---------+---------+-------+---------+---------+-------

Illustrated notes

Table legend:
 A = Kills in this place as a percentage of kills in entire the game.
 B = Kills by you in this place as a percentage of kills by you in the entire game.
 C = Kills by friends in this place as a percentage of kills by friends in the entire game.
 D = Other kills in this place as a percentage of other kills in the entire game.
 E = Experience gained in this place as a percentage of experience gained in the entire game.
 F = Experience gained in this place divided by the number of levels of this place that you have seen.
                   A       B       C       D       E      F
               +-------+-------+-------+-------+-------+----------------------
         Total | 100.0 | 100.0 |   N/A | 100.0 | 100.0 | 5143.5
       Dungeon |  47.3 |  47.2 |   N/A | 100.0 |  21.1 | 2270.4
          Lair |  28.4 |  28.5 |   N/A |   0.0 |  49.2 | 9709.3
   Spider Nest |   5.8 |   5.8 |   N/A |   0.0 |  12.4 | 14658.0
  Orcish Mines |  16.0 |  16.1 |   N/A |   0.0 |  11.8 | 7000.0
         Sewer |   1.0 |   1.0 |   N/A |   0.0 |   0.1 | 155.0
       Volcano |   1.5 |   1.5 |   N/A |   0.0 |   5.3 | 6258.0
               +-------+-------+-------+-------+-------+----------------------

Table legend: (Time is in decaauts)
 A = Elapsed time spent in this place.
 B = Non-inter-level travel time spent in this place.
 C = Inter-level travel time spent in this place.
 D = Time resting spent in this place.
 E = Time spent auto-exploring this place.
 F = Levels seen in this place.
 G = Mean time per level.
                   A        B        C        D        E       F      G
               +--------+--------+--------+--------+--------+-----+--------+
         Total |  32521 |  30972 |   1549 |   4584 |  21344 |  23 | 1414.0 |
       Dungeon |  18002 |  16904 |   1098 |   3928 |   9911 |  11 | 1636.5 |
        Temple |     29 |     29 |      0 |      0 |      3 |   1 |   29.0 |
          Lair |  10819 |  10514 |    305 |    654 |   8662 |   6 | 1803.2 |
   Spider Nest |   1011 |   1011 |      0 |      0 |    834 |   1 | 1011.0 |
  Orcish Mines |   2136 |   1992 |    144 |      2 |   1520 |   2 | 1068.0 |
         Sewer |    170 |    170 |      0 |      0 |    138 |   1 |  170.0 |
       Volcano |    350 |    350 |      0 |      0 |    274 |   1 |  350.0 |
               +--------+--------+--------+--------+--------+-----+--------+

Top non-repeatable levels by time:
     D:9: 3040 daAuts
     D:8: 2612 daAuts
  Lair:3: 2360 daAuts
  Lair:6: 2341 daAuts
    D:11: 2089 daAuts
  Lair:2: 1945 daAuts
  Lair:1: 1706 daAuts
    D:10: 1681 daAuts
     D:2: 1566 daAuts
     D:3: 1528 daAuts
     D:7: 1303 daAuts
  Lair:5: 1275 daAuts
   Orc:2: 1258 daAuts
     D:4: 1219 daAuts
  Lair:4: 1189 daAuts
